Build Order

Get SALT Encoding   

  12  0:00  SCV  
  13  0:13  SCV  
  14  0:17  Supply Depot  
  14  0:25  SCV  
  15  0:29  Refinery  
  15  0:39  SCV  
  16  0:44  Barracks  
  16  0:51  SCV  
  17  1:03  Barracks  
  17  1:07  SCV  
  18  1:23  Barracks  
  18  1:32  Reaper  
  19  1:37  Orbital Command  
  19  1:51  Supply Depot, Reaper  
  20  1:56  Refinery  
  20  2:04  Reaper  
  20  2:05  SCV  
  22  2:13  Reaper  
  23  2:17  SCV  
  23  2:22  Supply Depot  
  24  2:29  Reaper, SCV  
  26  2:36  Reaper  
  27  2:41  SCV  
  28  2:53  SCV  
  29  3:03  Reaper  
  29  3:04  Reaper  
  29  3:05  SCV  
  32  3:12  Command Center  
  32  3:17  SCV  
  33  3:24  Reaper  
  34  3:29  SCV  
  35  3:35  Reaper  
  35  3:36  Reaper  
  37  3:41  SCV  
  38  3:53  SCV  
  39  4:03  Command Center  
  39  4:23  Reaper x3, SCV  
  43  4:26  Factory  
  43  4:27  Orbital Command  
  43  4:30  Refinery  
  43  4:35  SCV  
  44  4:48  Engineering Bay, SCV  
  44  4:50  Engineering Bay  
  45  4:53  SCV  
  45  4:55  Marine  
  45  4:56  Marine, Barracks Tech Lab  
  48  5:00  SCV  
  48  5:05  SCV  
  50  5:12  SCV  
  51  5:14  Starport, Factory Reactor  
  51  5:15  Orbital Command  
  51  5:16  Marine  
  51  5:17  SCV  
  51  5:19  Marine  
  54  5:24  SCV  
  52  5:29  SCV  
  52  5:35  Marine x2  
  52  5:36  Terran Infantry Weapons Level 1, Terran Infantry Armor Level 1, SCV  
  52  5:41  Marine, SCV  
  55  5:48  SCV  
  55  5:49  SCV  
  57  5:53  SCV  
  57  5:55  Supply Depot  
  58  5:57  Barracks  
  58  5:58  Supply Depot  
  58  5:59  Medivac  
  58  6:00  Factory Tech Lab, SCV  
  58  6:02  Stimpack  
  58  6:03  Marine  
  62  6:04  Marine  
  62  6:06  SCV  
  64  6:13  SCV  
  64  6:14  SCV  
  64  6:17  Marine, Supply Depot  
  67  6:20  Siege Tank  
  67  6:22  Orbital Command, Barracks  
  70  6:29  Barracks Reactor x2  
  70  6:31  SCV x2  
  72  6:33  Refinery  
  72  6:35  Marine  
  72  6:38  Medivac  
  72  6:39  Medivac  
  77  6:43  SCV  
  77  6:44  Armory  
  77  6:46  Supply Depot, SCV  
  79  6:49  SCV  
  80  6:54  Barracks Reactor  
  80  6:55  SCV  
  80  6:58  SCV  
  82  7:01  SCV  
  82  7:02  Supply Depot  
  82  7:07  Marine x3, SCV  
  87  7:09  Siege Tank  
  87  7:10  SCV  
  87  7:13  SCV  
  92  7:16  Bunker  
  92  7:17  Refinery  
  92  7:18  Marine  
  92  7:19  Marine, SCV  
  92  7:22  Barracks Tech Lab  
  95  7:25  Marine x2  
  95  7:28  Marine  
  95  7:29  Medivac  
  100  7:30  Medivac  
  100  7:36  Marine x3, Supply Depot  
  105  7:37  SCV  
  105  7:49  Marine x5, Supply Depot  
  106  7:51  Terran Infantry Weapons Level 2  
  106  7:54  Marine x2  
  106  7:55  SCV  
  107  8:07  Marauder  
  107  8:11  Marine x4  
  111  8:13  Marine, Marauder  
  111  8:15  Medivac x2  
  111  8:17  Terran Infantry Armor Level 2  
  111  8:18  Supply Depot  
  111  8:19  Supply Depot x2  
  118  8:22  SCV x2  
  118  8:24  Bunker  
  119  8:30  Supply Depot  
  119  8:31  Supply Depot  
  119  8:36  Marine  
  119  8:37  Marine x3, Marauder  
  119  8:40  Marine, Marauder, Liberator  
  128  8:42  Combat Shields  
  128  8:45  Marine, Liberator  
  128  8:46  Concussive Shells  
  129  8:52  Barracks  
  129  8:53  Barracks  
  129  8:54  Marine  
  130  8:58  Marauder  
  138  9:07  Barracks  
  138  9:09  Factory Reactor  
  138  9:13  Marine x2, Marauder  
  142  9:18  Supply Depot  
  142  9:19  Supply Depot  
  142  9:20  Supply Depot  
  142  9:21  Marine, Marauder  
  142  9:22  Marine x2  
  146  9:27  Marine  
  145  9:33  Marine  
  145  9:34  Marine, Marauder  
  149  9:39  Marine  
  149  9:40  Marine  
  149  9:42  Barracks Tech Lab  
  149  9:43  Barracks Reactor, Marauder  
  153  9:47  Marine x2  
  153  9:52  Command Center  
  155  9:53  Marine x2  
  155  9:55  Medivac x2  
  155  9:56  Marauder, Widow Mine x2  
  167  10:04  Marine, Marauder  
  167  10:05  Marauder x2  
  174  10:09  Supply Depot  
  174  10:17  Marauder  
  174  10:20  Marine  
  174  10:21  Marine  
  178  10:26  Marauder x2  
  178  10:27  Marine, Marauder  
  185  10:32  Marine  
  185  10:33  Terran Infantry Weapons Level 3  
  186  10:39  Marauder  
  188  10:45  Marine x2  
  188  10:47  Marauder x2  
  188  10:48  Marauder  
  196  10:50  Marine  
  196  10:52  Marine  
  196  10:53  Marine x3  
  196  10:57  Marine  
  196  11:00  Marauder  
  185  11:05  Marine  
  185  11:07  Marine  
  185  11:08  Marauder  
  185  11:09  Marauder x2, Terran Infantry Armor Level 3  
  161  11:19  Marine  
  161  11:20  Marine x3  
  161  11:21  Marauder  
  165  11:26  Marine x2  
  165  11:27  Medivac  
  165  11:30  Marauder x2  
  165  11:31  Marauder  
  170  11:33  Marine  
  170  11:35  Planetary Fortress  
  171  11:41  Marine  
  171  11:42  Medivac  
  171  11:43  Marauder  
  174  11:47  Marine  
  174  11:51  Marine, Marauder  
  174  11:52  Marauder x2  
  182  11:57  Marine  
  182  12:00  Marine  
  184  12:01  Marine  
  184  12:04  Marauder  
  187  12:09  Marine  
  187  12:13  Marauder x2  
  187  12:14  Marauder  
  193  12:21  Marine x5  
  193  12:22  Marine  
  192  12:26  Marauder  
  192  12:29  Marine  
  167  12:30  Marine  
  167  12:34  Marauder x2  
  167  12:36  Marauder  
  160  12:37  Medivac x2  
  160  12:39  Marine x3  
  167  12:47  Marauder  
  167  12:50  Marine x2  
  167  12:51  Marine  
  172  12:54  Marine x2  
  172  12:55  Marauder  
  172  12:56  Marauder  
  172  12:57  Marine  
  179  13:00  Missile Turret  
  179  13:02  Marine, Marauder, Missile Turret  
  179  13:03  Marine  
  179  13:04  Barracks x2  
  183  13:08  Marine x2, Marauder  
  183  13:10  Orbital Command  
  187  13:16  Marine x3  
  187  13:17  Marauder x2  
  187  13:20  Marine, Medivac x2  
  187  13:24  Marauder  
  187  13:26  Marine x3  
  197  13:30  Marauder  
  197  13:31  Marine  
  185  13:51  Marine x2, Marauder  
  149  13:56  Marine x7, Marauder  
  149  13:59  Barracks Tech Lab x2  
  149  14:00  Marauder  
  152  14:09  Marine x2  
  152  14:12  Marine  
  152  14:14  Marine x3  
  152  14:15  Marauder  
  152  14:16  Marine  
  157  14:17  Medivac x2  
  157  14:18  Marauder  
  157  14:21  Marauder  
  157  14:22  Widow Mine x2  
  167  14:26  Marine, Marauder  
  167  14:27  Marauder  
  167  14:30  Marauder, Starport  
  174  14:37  Marine  
  174  14:38  Marine x3, Marauder  
  179  14:39  Marauder  
  179  14:40  Starport  
  179  14:42  Marauder  
  184  14:46  Marine  
  184  14:47  Medivac x2  
  184  14:48  Marauder x2  
  184  14:52  Marauder  
  195  14:59  Marauder  
  197  15:00  Marauder  
  199  15:12  Command Center  
  199  15:18  Ghost Academy  
  199  15:37  Medivac  
  199  15:38  Medivac  
  199  16:06  Liberator x2  
  199  16:09  Personal Cloaking  
  199  16:17  Liberator  
  199  16:27  Marauder x2  
  189  16:46  Marauder  
  189  16:47  Marauder x3  
  195  16:59  Medivac  
  195  17:00  Marine x5, Marauder  
  195  17:01  Marauder  
  179  17:05  Marine x3, Orbital Command  
  179  17:08  Marine x2, Marauder x2, SCV  
  165  17:09  SCV  
  167  17:18  Marine x5  
  167  17:22  Marine, Marauder  
  175  17:23  Marine x3  
  175  17:26  Marauder  
  175  17:29  Marine, Marauder x2  
  182  17:35  Refinery  
  182  17:36  Marine x5, Refinery  
  187  17:40  Marauder  
  187  17:41  Marine x3  
  187  17:43  Marauder  
  194  17:47  Marine  
  195  17:51  Refinery  
  195  17:54  Refinery  
  190  18:12  Marauder x5  
  200  18:13  Marauder  
  200  18:16  Planetary Fortress  
  200  18:22  Liberator  
  199  20:05  Liberator  
  199  20:12  Liberator x3  
  185  20:31  Marauder x6  
  129  20:43  Marine x2  
  129  20:44  Marine x4  
  129  20:48  Liberator  
  135  20:52  Marauder  
  135  20:53  Marauder x3  
  135  20:54  SCV x3  
  135  20:55  Liberator x2  
  135  20:56  SCV  
  147  21:03  Liberator  
  147  21:05  Starport  
  147  21:06  SCV x2  
  147  21:08  SCV  
  153  21:13  SCV  
  153  21:18  SCV x2  
  161  21:19  Sensor Tower  
  161  21:20  SCV  
  161  21:25  SCV  
  167  21:31  Liberator  
  166  21:39  Command Center  
  164  21:44  Starport Tech Lab, Fusion Core  
  164  21:50  Ghost x2  
Spawning Tool Build Advisor. Get it on Overwolf

Go to:

Details

  • Created by: None
  • Published on:
  • Modified on: Sep 14, 2016
  • Patch: 3.8.0
Show
View Real Time Build Order
Export as new Build Order

Comments (0)

There are no comments. Be the first!

Create an account to comment!